 Dungeon Crawl Stone Soup version 0.23.0 (webtiles) character file.

Game seed: 3492666485225213086

12942 grindst0ne the Slicer (level 12, -4/80 HPs)
             Began as a Kobold Berserker on Feb 12, 2019.
             Was a High Priest of Trog.
             Slain by kaze's ghost (18 damage)
             ... on level 11 of the Dungeon.
             The game lasted 00:29:46 (13045 turns).

grindst0ne the Slicer (Kobold Berserker)           Turns: 13045, Time: 00:29:47

Health: -4/80      AC: 15    Str: 23    XL:     12   Next: 26%
Magic:  5/5        EV: 20    Int:  9    God:    Trog [*****.]
Gold:   492        SH:  0    Dex: 14    Spells: 11/11 levels left

rFire    . . .     SeeInvis .   H - +2 rapier (antimagic)
rCold    . . .     Gourm    .   (shield restricted)
rNeg     . . .     Faith    +   T - +4 chain mail {MR+}
rPois    .         Spirit   .   P - +0 helmet
rElec    .         Reflect  .   Y - scarf {repulsion}
rCorr    .         Harm     .   W - +0 pair of gloves
MR       +++..                  (no boots)
Stlth    ..........             G - amulet of faith
HPRegen  1.23/turn              g - +3 ring of evasion
MPRegen  0.09/turn              R - +4 ring of strength

@: lethally poisoned (-4 -> -4), about to teleport, berserk cooldown,
regenerating, slowed, repel missiles, very slow
A: small, carnivore
a: Berserk, Trog's Hand, Brothers in Arms, Renounce Religion


You were on level 11 of the Dungeon.
You worshipped Trog.
Trog was extremely pleased with you.
You were full.

You visited 1 branch of the dungeon, and saw 11 of its levels.
You also visited: Ossuary.

You collected 523 gold pieces.
You spent 31 gold pieces at shops.

Inventory:

Hand Weapons
 a - a +0 short sword
 H - a +2 antimagic rapier (weapon)
Missiles
 S - 4 throwing nets (quivered)
Armour
 b - a +0 animal skin
 e - a +0 cloak
 q - a +0 leather armour
 P - a +0 helmet (worn)
 T - a +4 chain mail of magic resistance (worn)
 W - a +0 pair of gloves (worn)
 Y - a scarf of repulsion (worn)
Jewellery
 g - a +3 ring of evasion (left hand)
 p - a +2 ring of evasion
 s - an uncursed ring of ice
 A - an uncursed ring of protection from cold
 G - an amulet of faith (around neck)
 R - a +4 ring of strength (right hand)
 V - an uncursed amulet of the acrobat {unknown}
Wands
 i - a wand of digging (4)
 y - a wand of clouds (7)
 I - a wand of disintegration (23)
 Q - a wand of iceblast (5)
 U - a wand of random effects (15)
Scrolls
 d - a scroll of magic mapping
 l - 5 scrolls of enchant weapon
 m - a scroll of fear {unknown}
 n - 4 scrolls of enchant armour {unknown}
 t - 4 scrolls of teleportation
 z - 6 scrolls of blinking
 B - a scroll of torment {unknown}
 C - 2 scrolls of amnesia {unknown}
 D - 7 scrolls of remove curse
 E - 2 scrolls of immolation {unknown}
 F - a scroll of fog
 N - a scroll of random uselessness {unknown}
 O - a scroll of summoning {unknown}
 X - a scroll of identify
Potions
 f - 3 potions of heal wounds
 h - 2 potions of invisibility
 j - 4 potions of ambrosia
 k - 2 potions of haste
 o - 3 potions of flight
 r - a potion of magic {unknown}
 u - 3 potions of degeneration {unknown}
 v - 3 potions of curing
 w - a potion of brilliance
 x - 2 potions of lignification
 J - 2 potions of mutation {unknown}
 K - 3 potions of cancellation
 L - 2 potions of might {unknown}
 M - a potion of agility {unknown}
Comestibles
 c - 26 rations


   Skills:
 + Level 11.7 Fighting
 + Level 13.5 Short Blades
 * Level 3.1 Armour
 + Level 12.3 Dodging
 - Level 6.0 Evocations


You had 11 spell levels left.
You didn't know any spells.
Your spell library was empty.

Dungeon Overview and Level Annotations

Branches:
Dungeon (11/15)            Temple (0/1) D:6            Lair (0/6) D:9
    Orc (0/2) D:9

Altars:
Ashenzari
Dithmenos
Gozag
Hepliaklqana
Kikubaaqudgha
Makhleb
Nemelex Xobeh
Okawaru
Uskayaw
Vehumet
Wu Jian
Xom
Zin

Shops:
D:5 (   D:9 *

Annotations:
D:11 1 transporter, kaze's ghost, journeyman HOFi


Innate Abilities, Weirdness & Mutations

You are small and have problems with some larger weapons.
You are carnivorous and can eat meat at any time.


Message History

You feel sick.
You hit kaze's ghost but do no damage.
Kaze's ghost is moderately damaged.
You feel the effects of Trog's Hand fading.
You puncture kaze's ghost!
Kaze's ghost is heavily damaged.
You feel sick.
Kaze's ghost wails, "I was like you once."
Kaze's ghost completely misses you.
Your chain mail prevents you from hitting kaze's ghost.
Kaze's ghost is heavily damaged.
You closely miss kaze's ghost.
Kaze's ghost is heavily damaged.
You are no longer berserk.
You are exhausted.
You feel yourself slow down.
You feel sick.
As you read the scroll of teleportation, it crumbles to dust.
You feel strangely unstable.
You feel sick. Kaze's ghost barely misses you. Kaze's ghost hits you!!
You die...

##...#####(}©:$#####...#
#..###..%#...#..%###..#
#..##..#..###..#..##..#
#..###...#y..#?..###..#
#...# ###..#..### #...#
##.###.#.#...#.#.###..#
#.##.%#..###..#..##..#
#.###...#†††#...###..#
#..#####.†@W.#####...#
##..#############....#
##.......©.........##
########.........##
###########


You could see kaze's ghost.

Vanquished Creatures
  Harold (D:7)
  2 hydras (D:11)
  3 ugly things (D:11)
  A cyclops (D:11)
  A gargoyle (D:10)
  A komodo dragon (D:9)
  A queen bee (D:11)
  A hornet (D:11)
  A hippogriff (D:11)
  A human (D:8)
  5 wraiths
  4 yaks (D:8)
  4 hogs (D:8)
  The ghost of matthes123 the Chopper, an amateur DsGl of Makhleb (D:3)
  A hungry ghost (D:10)
  Menkaure (D:6)
  3 wargs (D:9)
  A water moccasin (D:10)
  6 orc warriors
  2 sky beasts
  2 ice beasts (D:8)
  A black bear (D:6)
  A hornet zombie (D:9)
  3 phantoms
  6 ogres
  4 centaurs
  2 crocodiles
  A big kobold (D:7)
  5 bullfrogs
  2 gnoll sergeants
  A wyvern zombie (D:6)
  3 scorpions
  A wyvern skeleton (D:10)
  8 killer bees
  3 wights (D:11)
  A howler monkey (D:8)
  A centaur zombie (D:6)
  A crimson imp (D:6)
  2 quasits (D:11)
  6 hounds
  10 orc priests
  A bullfrog skeleton (D:11)
  8 orc wizards
  5 iguanas
  9 worker ants
  6 big kobold zombies (Ossuary)
  A hound zombie (D:6)
  A mummy (Ossuary)
  A howler monkey zombie (D:7)
  18 gnolls
  13 adders
  A shadow imp (D:5)
  2 oozes
  An adder zombie (D:6)
  5 worms
  2 dart slugs (D:2)
  7 leopard geckos
  68 orcs
  2 spectral bats (Ossuary)
  3 ball pythons
  8 bats
  2 giant cockroaches
  7 goblins
  3 hobgoblins (D:2)
  5 quokkas
  4 bat simulacra (Ossuary)
  3 frilled lizards
  6 gnoll zombies (Ossuary)
  7 goblin simulacra (Ossuary)
  4 goblin zombies (Ossuary)
  3 hobgoblin zombies (Ossuary)
  12 kobolds
  2 kobold simulacra (Ossuary)
  7 kobold zombies (Ossuary)
  A leopard gecko skeleton (D:6)
  A leopard gecko zombie (D:5)
  4 orc zombies (Ossuary)
  A quokka skeleton (D:6)
  16 rats
  5 rat simulacra (Ossuary)
  2 spectral goblins (Ossuary)
  5 spectral kobolds (Ossuary)
  3 spectral rats (Ossuary)
  A plant (D:9)
371 creatures vanquished.

Vanquished Creatures (others)
  A plant (D:9)
1 creature vanquished.

Grand Total: 372 creatures vanquished

Notes
Turn   | Place    | Note
-------+----------+-------------------------------------------
     0 | D:1      | grindst0ne the Kobold Berserker began the quest for the
                  | Orb.
     0 | D:1      | Reached XP level 1. HP: 14/14 MP: 1/1
    19 | D:1      | Reached XP level 2. HP: 19/19 MP: 2/2
   275 | D:1      | Reached XP level 3. HP: 21/24 MP: 3/3
   738 | D:2      | Reached ** piety under Trog
   782 | D:2      | Reached XP level 4. HP: 16/29 MP: 4/4
  1182 | D:2      | Reached skill level 5 in Short Blades
  1512 | D:2      | Reached XP level 5. HP: 34/34 MP: 5/5
  2073 | D:2      | Found a shattered altar of Ashenzari.
  2088 | D:2      | Found a hide-covered altar of Uskayaw.
  2089 | D:2      | Found a radiant altar of Vehumet.
  2093 | D:2      | Found a hazy altar of Hepliaklqana.
  2094 | D:2      | Found an opulent altar of Gozag.
  2279 | D:3      | Found a shadowy altar of Dithmenos.
  2283 | D:3      | Reached XP level 6. HP: 40/40 MP: 6/6
  2517 | D:3      | Reached skill level 5 in Fighting
  2716 | D:3      | Reached skill level 6 in Short Blades
  2910 | D:3      | Found a runed translucent door.
  2921 | D:3      | Reached *** piety under Trog
  2926 | D:3      | Noticed matthes123's ghost (amateur DsGl)
  2938 | D:3      | Reached skill level 5 in Dodging
  2944 | D:3      | Reached XP level 7. HP: 44/44 MP: 7/7
  2963 | D:3      | Killed matthes123's ghost
  3456 | D:3      | Found an ornate altar of the Wu Jian Council.
  3654 | D:4      | Reached skill level 7 in Short Blades
  3937 | D:4      | Found an iron altar of Okawaru.
  4123 | D:4      | Reached XP level 8. HP: 51/51 MP: 8/8
  4298 | D:4      | Found a sparkling altar of Nemelex Xobeh.
  4901 | D:4      | Found a burning altar of Makhleb.
  4924 | D:5      | Entered Level 5 of the Dungeon
  4989 | D:5      | Found Musauf's Weapon Shoppe.
  5090 | D:5      | Found an ancient bone altar of Kikubaaqudgha.
  5103 | D:5      | Reached skill level 8 in Short Blades
  5243 | D:5      | Found a shimmering altar of Xom.
  5385 | D:5      | Reached **** piety under Trog
  5424 | D:5      | Found a glowing silver altar of Zin.
  6044 | D:6      | Reached XP level 9. HP: 57/57 MP: 9/9
  6056 | D:6      | Found a staircase to the Ecumenical Temple.
  6111 | D:6      | Reached skill level 9 in Short Blades
  6234 | D:6      | Noticed Menkaure
  6241 | D:6      | Killed Menkaure
  6488 | D:6      | You fall through a shaft for 3 floors!
  6488 | D:9      | Found Fumman's Assorted Antiques.
  6559 | D:9      | Bought a scroll labeled BAKESM PEYRUDE for 31 gold pieces
  6816 | D:8      | Reached skill level 1 in Evocations
  6970 | D:7      | Reached skill level 10 in Short Blades
  7094 | D:7      | Found a sand-covered staircase.
  7128 | Ossuary  | Entered an ossuary
  7181 | Ossuary  | Reached ***** piety under Trog
  7396 | Ossuary  | Received a gift from Trog
  7822 | D:7      | You fall through a shaft!
  7841 | D:8      | Reached XP level 10. HP: 65/65 MP: 4/12
  8817 | D:7      | Found the +5 scythe "Finisher" {speed, eviscerate}
  8844 | D:7      | Reached skill level 11 in Short Blades
  8965 | D:7      | Reached skill level 10 in Dodging
  9055 | D:7      | Noticed Harold
  9076 | D:7      | Killed Harold
  9076 | D:7      | Reached skill level 5 in Evocations
  9515 | D:8      | Reached skill level 10 in Fighting
  9515 | D:8      | Reached XP level 11. HP: 72/72 MP: 5/15
 10006 | D:9      | Found a staircase to the Lair.
 10322 | D:9      | Received a gift from Trog
 10478 | D:9      | Found a staircase to the Orcish Mines.
 10491 | D:9      | Reached skill level 12 in Short Blades
 10748 | D:10     | Entered Level 10 of the Dungeon
 11342 | D:10     | Received a gift from Trog
 11871 | D:11     | Noticed an eight-headed hydra
 11872 | D:11     | Noticed a white ugly thing
 11875 | D:11     | Noticed a white ugly thing
 11876 | D:11     | Killed an eight-headed hydra
 11892 | D:11     | Killed a green ugly thing
 11892 | D:11     | Reached skill level 13 in Short Blades
 11902 | D:11     | Killed a green ugly thing
 11991 | D:11     | Noticed a white ugly thing
 12004 | D:11     | Killed a white ugly thing
 12004 | D:11     | Reached XP level 12. HP: 53/80 MP: 5/16
 12294 | D:11     | Noticed a six-headed hydra
 12311 | D:11     | Killed a six-headed hydra
 12645 | D:11     | Found a transporter.
 12646 | D:11     | Noticed kaze's ghost (journeyman HOFi)
 12688 | D:11     | Found a transporter.
 13045 | D:11     | Slain by kaze's ghost

Skill      XL: |  1  2  3  4  5  6  7  8  9 10 11 12 |
---------------+-------------------------------------+-----
Dodging        | 3 4 5 6 7 9 10 12 | 12.3
Fighting       | 4 5 6 7 8 10 11 | 11.7
Short Blades   | 5 6 7 8 10 11 13 | 13.5
Evocations     | 2 5 6 |  6.0
Armour         | 3 |  3.1

Action                   |  1- 3 |  4- 6 |  7- 9 | 10-12 || total
-------------------------+-------+-------+-------+-------++-------
Melee: Short sword       |    78 |   172 |   702 |       ||   952
       Rapier            |       |       |    80 |   633 ||   713
Invok: Berserk           |     4 |    12 |    25 |    23 ||    64
       Trog's Hand       |       |       |       |     3 ||     3
Evoke: Wand              |       |       |       |     5 ||     5
  Use: Scroll            |       |     4 |     7 |     6 ||    17
       Potion            |       |     1 |     1 |     1 ||     3
 Stab: Sleeping          |     1 |       |       |       ||     1
       Invisible         |       |       |     1 |       ||     1
  Eat: Chunk             |    11 |    18 |    36 |    39 ||   104
Armor: Animal skin       |    14 |    12 |       |       ||    26
       Leather armour    |       |     9 |     5 |       ||    14
       Chain mail        |       |       |   118 |   118 ||   236
Dodge: Dodged            |    52 |   154 |   453 |   439 ||  1098
